 Dungeon Crawl Stone Soup version 0.30-a0-760-g5a9884bb7c (webtiles) character file.

Game seed: 10397125072086188155

76 jimonade the Poker (level 4, -5/34 HPs)
             Began as a Merfolk Warper on Feb 12, 2023.
             Killed from afar by an orc wizard (8 damage)
             ... with a puff of flame
             ... on level 2 of the Dungeon.
             The game lasted 00:06:42 (2220 turns).

jimonade the Poker (Merfolk Warper)                 Turns: 2220, Time: 00:06:43

Health: -5/34      AC:  4    Str: 13    XL:     4   Next: 32%
Magic:  7/7        EV: 12    Int: 12    God:
Gold:   90         SH:  0    Dex: 13    Spells: 7/7 levels left

rFire   . . .      SeeInvis .    a - +0 spear
rCold   . . .      Faith    .    (no shield)
rNeg    . . .      Spirit   .    b - +0 leather armour
rPois   .          Reflect  .    (no helmet)
rElec   .          Harm     .    g - +0 cloak
rCorr   .          Rampage  .    (no gloves)
Will    .....                    (no boots)
Stlth   +                        (no amulet)
HPRegen 0.25/turn                (no ring)
MPRegen 0.10/turn                (no ring)

@: no status effects
A: (nimble swimmer 2), mertail
a: no special abilities


You were on level 2 of the Dungeon.
You visited 1 branch of the dungeon, and saw 3 of its levels.

You collected 90 gold pieces.

Inventory:

Hand Weapons
 a - a +0 spear (weapon)
Missiles
 d - 7 boomerangs of dispersal (quivered)
Armour
 b - a +0 leather armour (worn)
 g - a +0 cloak (worn)
Scrolls
 c - a scroll of blinking
 f - 2 scrolls of fear
 i - a scroll of identify {unknown}
 j - a scroll of teleportation
 m - a scroll of poison {unknown}
Potions
 e - 2 potions of lignification {unknown}
 h - a potion of curing {unknown}
 k - a potion of magic {unknown}
 l - a potion of degeneration {unknown}
 n - a potion of haste {unknown}
 o - 2 potions of brilliance {unknown}


   Skills:
 + Level 2.5 Fighting
 * Level 5.0 Polearms
 + Level 1.0 Throwing
 + Level 0.9 Armour
 + Level 3.1 Dodging
 + Level 0.4 Stealth
 + Level 2.0 Spellcasting
 + Level 2.4 Translocations


You had 7 spell levels left.
You didn't know any spells.
Your spell library contained the following spells:

 Spells                   Type           Power      Damage    Failure   Level
 Blink                    Tloc           14%        N/A       19%         2
 Lesser Beckoning         Tloc           14%        N/A       19%         2
 Teleport Other           Tloc           7%         N/A       36%         3
 Vhi's Electric Charge    Tloc/Air       8%         N/A       52%         3
 Manifold Assault         Tloc           7%         N/A       77%         4


Dungeon Overview and Level Annotations

Branches:
Dungeon (3/15)

Altars:

Annotations:
D:3 Natasha


Innate Abilities, Weirdness & Mutations

((You are very nimble when in or above water. (Stealth+, EV+, Speed+++)))
Your lower body shifts to a powerful aquatic tail in water.


Message History

You barely miss the orc. The orc misses you.
You hit the orc but do no damage. The orc hits you with a +0 hand axe.
You hit the orc but do no damage. You hit the orc but do no damage.
The orc barely misses you.
You completely miss the orc. The orc completely misses you.
You closely miss the orc. The orc hits you with a +0 hand axe.
You closely miss the orc. The orc closely misses you.
You hit the orc but do no damage. The orc hits you with a +0 hand axe.
You hit the orc.
The orc is lightly wounded.
The orc closely misses you.
You barely miss the orc.
The orc is lightly wounded.
You barely miss the orc.
The orc is lightly wounded.
The orc barely misses you. Something hits you.
You hit the orc.
The orc is heavily wounded.
The orc hits you with a +0 hand axe. Something hits you but does no damage.
You hit the orc.
You kill the orc!
Something hits you.
* * * LOW HITPOINT WARNING * * *
You miss something.
You hear some strange, mumbled words.
A magic dart appears from out of thin air!
The magic dart hits you.
* * * LOW HITPOINT WARNING * * *
You miss something. Something barely misses you.
You hit something but do no damage. You hit something but do no damage.
Something barely misses you.
You miss something. Something hits you.
* * * LOW HITPOINT WARNING * * *
You hit something but do no damage. Something hits you.
* * * LOW HITPOINT WARNING * * *
You barely miss something.
You hear some strange, mumbled words.
A puff of flame appears from out of thin air!
The puff of flame hits you!
You die...

##.##..#.#g#.# #.# #.# #.#
#.##........# #.# #.###.# ###
#.##...#....###.###.##..# #.##
#.##..##.#####......##.## .#.##
#.##..##.# #.#.#####.# ###.##
#.##..##.# #.#.# #.# # ##.#
#.##..##.# ##.#.# #.# ###.##
#........####.#..# #.#
.#.#######......@)..###.# #.#
#............###{###.#..# #.#
#..#####....####.####.#.# #.#
#.....................#.#####.#
##.#####.#.†####.)>...........#
##.## #.#>...........#.#######
#...####.#.##########.#.#
.........#.# #.#.###
#...######.# #.#...#


There were no monsters in sight!

Vanquished Creatures
  3 adders (D:2)
  A worm (D:2)
  2 orcs (D:2)
  3 bats
  4 endoplasms
  2 giant cockroaches (D:1)
  4 goblins
  3 hobgoblins
  5 jackals
  4 quokkas
  3 ball pythons
  A frilled lizard (D:2)
  4 kobolds
  2 rats (D:1)
41 creatures vanquished.

Notes
Turn   | Place    | Note
-------+----------+-------------------------------------------
     0 | D:1      | jimonade the Merfolk Warper began the quest for the Orb.
     0 | D:1      | Reached XP level 1. HP: 16/16 MP: 3/3
    36 | D:1      | Reached skill level 3 in Polearms
   242 | D:1      | Reached XP level 2. HP: 22/22 MP: 5/5
   400 | D:1      | Reached skill level 4 in Polearms
   738 | D:2      | Reached XP level 3. HP: 23/28 MP: 6/6
  1071 | D:2      | Found a faded altar of an unknown god.
  1498 | D:3      | Noticed Natasha
  1679 | D:2      | Reached XP level 4. HP: 31/34 MP: 7/7
  2069 | D:2      | Reached skill level 5 in Polearms
  2220 | D:2      | Killed from afar by an orc wizard

Illustrated notes

Levels and vault maps discovered:
D:1:      dpeg_arrival_boxes_within_box, layout_basic, corexii_hall_statues_s
D:2:      layout_loops_ring, shapermc_ecumenical_altar_petra, serial_glass,
          glass_columns_b, glass_columns_b, due_unseen_surprise
D:3:      layout_loops_ring, trog_three_pillars_becter,
          nicolae_overflow_ecumenical_swirl, uniq_terence, uniq_natasha

Skill      XL: |  1  2  3  4 |
---------------+-------------+-----
Polearms       | 3 4 5 |  5.0
Dodging        | 3 |  3.1
Fighting       | |  2.5
Throwing       | |  1.0
Armour         | |  0.9
Stealth        | |  0.4
Spellcasting   | |  2.0
Translocations | |  2.4

Action                     |  1- 3 |  4- 6 || total
---------------------------+-------+-------++-------
  Melee: Spear             |   165 |    42 ||   207
         Punch             |     1 |     1 ||     2
    Use: Scroll            |     2 |       ||     2
   Stab: Sleeping          |     3 |       ||     3
 Armour: Leather armour    |    28 |     5 ||    33
  Dodge: Dodged            |    94 |    22 ||   116

Table legend: (Time is in decaauts)
 A = Elapsed time spent in this place.
 B = Non-inter-level travel time spent in this place.
 C = Inter-level travel time spent in this place.
 D = Time resting spent in this place.
 E = Time spent auto-exploring this place.
 F = Levels seen in this place.
 G = Mean time per level.
                   A        B        C        D        E       F      G
               +--------+--------+--------+--------+--------+-----+--------+
         Total |   2203 |   2104 |     99 |    509 |   1180 |   3 |  734.3 |
       Dungeon |   2203 |   2104 |     99 |    509 |   1180 |   3 |  734.3 |
               +--------+--------+--------+--------+--------+-----+--------+

Top non-repeatable levels by time:
     D:2: 1419 daAuts
     D:1: 761 daAuts
     D:3: 23 daAuts
